 Dungeon Crawl Stone Soup version 0.31.0-32-g396128a36d (webtiles) character file.

Game seed: 10925645836964870017

676 Peloso the Slasher (level 7, -7/60 HPs)
             Began as a Minotaur Fighter on Mar 25, 2024.
             Mangled by an ogre
             ... wielding a +0 giant club
              (10 damage)
             ... on level 4 of the Dungeon.
             The game lasted 00:05:18 (2726 turns).

Peloso the Slasher (Minotaur Fighter)               Turns: 2726, Time: 00:05:19

Health: -7/60      AC:  8    Str: 20    XL:     7   Next: 33%
Magic:  6/6        EV:  9    Int:  5    God:
Gold:   213        SH:  9    Dex: 12    Spells: 6/6 levels left

rFire   . . .        a - +0 long sword
rCold   . . .        d - +0 kite shield
rNeg    . . .        b - +1 scale mail
rPois   .            (helmet restricted)
rElec   .            (no cloak)
rCorr   .            (no gloves)
SInv    .            (no boots)
Will    .....        (no amulet) Stlth
                     (no ring)
HPRegen 0.30/turn    (no ring)
MPRegen 0.10/turn

%: no passive effects
@: no status effects
A: horns 2, retaliatory headbutt
a: no special abilities


You were on level 4 of the Dungeon.
You visited 1 branch of the dungeon, and saw 4 of its levels.

You collected 213 gold pieces.

Inventory:

Hand Weapons
 a - a +0 long sword (weapon)
Armour
 b - a +1 scale mail (worn)
 c - a +0 buckler
 d - a +0 kite shield (worn)
Wands
 i - a wand of paralysis (9)
Scrolls
 e - 3 scrolls of identify {unknown}
 f - a scroll of revelation
 g - a scroll of teleportation {unknown}
 k - a scroll of enchant armour
 n - a scroll of vulnerability {unknown}
 o - a scroll of fog {unknown}
Potions
 h - a potion of heal wounds {unknown}
 j - a potion of invisibility {unknown}
 l - a potion of might
 m - a potion of attraction


   Skills:
 + Level 4.8 Fighting
 + Level 6.3 Long Blades
 + Level 6.0 Armour
 + Level 2.8 Dodging
 + Level 0.1 Stealth
 + Level 5.0 Shields


You had 6 spell levels left.
You didn't know any spells.
Your spell library contained the following spells:

 Spells                   Type           Power      Damage    Failure   Level
 Shock                    Conj/Air       0%         1d3       97%         1
 Summon Ice Beast         Ice/Summ       0%         N/A       100%        3
 Swiftness                Air            0%         N/A       100%        3
 Airstrike                Air            0%         2d(0-16)  100%        4
 Summon Mana Viper        Hex/Summ       0%         N/A       100%        5
 Monstrous Menagerie      Summ           0%         N/A       100%        7


Dungeon Overview and Level Annotations

Branches:
Dungeon (4/15)
 Temple: D:4-7

Altars:
Trog

Shops:
D:2 (==?(


Innate Abilities, Weirdness & Mutations

You have a pair of horns on your head.
You reflexively headbutt those who attack you in melee.


Message History

o - a scroll labelled AHEPPE YSENOF An orc comes into view.
It is wielding a +0 falchion.
The orc shouts!
An orc is nearby!
An orc is nearby!
Found a shimmering ring mail.
You slash the orc!
You kill the orc!
An orc comes into view. It is wielding a +0 dagger.
The orc shouts!
You hear a shout!
Things that are here:
a +0 falchion; an orc corpse You block the orc's attack.
You hit the orc. You headbutt the orc.
The orc is severely wounded.
The orc hits you with a +0 dagger.
You slash the orc!
You kill the orc!
You see here a +0 dagger.
A kobold comes into view. It is wielding a +0 club.
Things that are here:
a +0 falchion; an orc corpse You closely miss the kobold.
You headbutt the kobold.
You kill the kobold!
Things that are here:
a +0 club; a kobold corpse An ogre comes into view.
It is wielding a +0 giant club.
You see here the +0 ring mail of Autumn {rPois rC+ rCorr MP-9}.
You slash the ogre!
The ogre is moderately wounded.
The ogre hits you with a +0 giant club!!
Ouch! That really hurt!
You hit the ogre.
The ogre is moderately wounded.
The ogre hits you with a +0 giant club!!
* * * LOW HITPOINT WARNING * * *
You slash the ogre!
The ogre is severely wounded.
The ogre hits you with a +0 giant club!
You die...

....####....<......#
##...$###.#..#.....#
.........).........#
#######)........##.## #
#.............## #
##..........#...## ###
...........#......#.
..#.###........##..#....
........###.##.#@O..# #
.##########.##.#.##># .#
#......)# .## .....
......$..)##..##.#.
...#..
.......##..).......
..... .......
###.....### ######
###.... ......# #####
##.....# .. #######


You could see an ogre.

Vanquished Creatures
  Grinder (D:3)
  Sigmund (D:2)
  A black bear (D:4)
  A bombardier beetle (D:3)
  Terence (D:3)
  Ijyb (D:3)
  Natasha (D:3)
  7 adders
  A dart slug (D:2)
  2 orcs (D:4)
  5 ball pythons
  7 endoplasms
  2 giant cockroaches
  8 goblins
  A hobgoblin (D:1)
  6 kobolds
  6 quokkas
  A bat (D:3)
  3 frilled lizards
  4 rats
  A spectral kobold (D:3)
61 creatures vanquished.

Notes
Turn   | Place    | Note
-------+----------+-------------------------------------------
     0 | D:1      | Peloso the Minotaur Fighter began the quest for the Orb.
     0 | D:1      | Reached XP level 1. HP: 19/19 MP: 0/0
   176 | D:1      | Reached XP level 2. HP: 26/27 MP: 1/1
   787 | D:2      | Found Vautath's Magic Scroll Shoppe.
   800 | D:2      | Found Isounesh's Antique Weapon Shoppe.
   843 | D:2      | Reached XP level 3. HP: 33/33 MP: 2/2
   990 | D:2      | Found Ussoeh's Jewellery Boutique.
  1028 | D:2      | Noticed Sigmund
  1033 | D:2      | Killed Sigmund
  1034 | D:2      | Reached skill level 5 in Armour
  1034 | D:2      | Reached XP level 4. HP: 40/40 MP: 3/3
  1034 | D:2      | Reached XP level 5. HP: 46/46 MP: 4/4
  1039 | D:2      | Found Baovel Moupt's Jewellery Emporium.
  1185 | D:2      | Found Beriuwna's Antique Weapon Emporium.
  1388 | D:3      | Noticed Grinder
  1388 | D:3      | Paralysed by Grinder for 3 turns
  1400 | D:3      | Paralysed by Grinder for 2 turns
  1468 | D:3      | Paralysed by Grinder for 5 turns
  1479 | D:3      | Killed Grinder
  1480 | D:3      | Reached skill level 5 in Long Blades
  1480 | D:3      | Reached XP level 6. HP: 26/53 MP: 5/5
  1503 | D:3      | Noticed Terence
  1512 | D:3      | Killed Terence
  1633 | D:3      | Found a faded altar of an unknown god.
  1675 | D:3      | Noticed Ijyb
  1677 | D:3      | Paralysed by Ijyb for 5 turns
  1690 | D:3      | Killed Ijyb
  1889 | D:3      | Noticed Natasha
  1894 | D:3      | Killed Natasha
  1969 | D:3      | Reached XP level 7. HP: 57/60 MP: 6/6
  2267 | D:3      | Found a bloodstained altar of Trog.
  2690 | D:4      | Reached skill level 5 in Shields
  2723 | D:4      | Identified the +0 ring mail of Autumn {rPois rC+ rCorr
                  | MP-9}
  2725 | D:4      | HP: 3/60 [ogre/+0 giant club (23)]
  2726 | D:4      | Mangled by an ogre

Illustrated notes

Levels and vault maps discovered:
D:1:      kennysheep_arrival_forest, layout_loops_cross
D:2:      layout_loops_ring, serial_shops, shop, shop,
          nicolae_shop_gaudy_bauble, shop, shop_statue, uniq_sigmund
D:3:      layout_basic, mainiacjoe_overflow_alcove_4,
          dreamdust_ecumenical_altar_drowned_temple, uniq_natasha, uniq_terence,
          uniq_grinder, uniq_ijyb
D:4:      layout_rooms, minmay_cut_off

Skill      XL: |  1  2  3  4  5  6  7 |
---------------+----------------------+-----
Armour         | 4 5 6 |  6.0
Fighting       | 4 |  4.8
Shields        | 4 5 |  5.0
Long Blades    | 4 5 6 |  6.3
Dodging        | 2 |  2.8
Stealth        | |  0.1

Action                     |  1- 3 |  4- 6 |  7- 9 || total
---------------------------+-------+-------+-------++-------
  Melee: Long sword        |    64 |    59 |    39 ||   162
         Headbutt          |     6 |    11 |     7 ||    24
    Use: Scroll            |     4 |       |       ||     4
         Potion            |     3 |       |       ||     3
 Armour: Scale mail        |    38 |    48 |    20 ||   106
  Dodge: Dodged            |    34 |    19 |    14 ||    67
  Block: Buckler           |    25 |    13 |       ||    38
         Kite shield       |       |     4 |    21 ||    25
